 Dungeon Crawl Stone Soup version 0.30.1-4-g462c640d31 (webtiles) character file.

Game seed: 13261531483973999626

779 spardeous the Conjurer (level 7, -4/50 HPs)
             Began as a Demigod Conjurer on Sept 2, 2023.
             Killed from afar by a steam dragon (14 damage)
             ... with a ball of steam
             ... on level 4 of the Dungeon.
             The game lasted 00:05:49 (5520 turns).

spardeous the Conjurer (Demigod Conjurer)           Turns: 5520, Time: 00:05:49

Health: -4/50      AC:  8    Str:  8    XL:     7   Next: 29%
Magic:  4/16       EV: 10    Int: 28    God:
Gold:   108        SH:  0    Dex: 18    Spells: 6/13 levels left

rFire   . . .        x - +0 falchion
rCold   . . .        (no shield)
rNeg    . . .        w - +0 ring mail
rPois   .            n - +0 helmet
rElec   .            h - +0 cloak
rCorr   .            r - +0 pair of gloves
SInv    .            (no boots)
Will    .....        (no amulet)
Stlth   +            i - +6 ring of dexterity
HPRegen 0.28/turn    (no ring)
MPRegen 0.15/turn

%: no passive effects
@: no status effects
A: high MP 1, forlorn, divine attributes
a: no special abilities


You were on level 4 of the Dungeon.
You visited 1 branch of the dungeon, and saw 4 of its levels.
You also visited: Sewer.

You collected 108 gold pieces.

Inventory:

Hand Weapons
 s - the +9 spear of Okawaru {antimagic, rC- rCorr Str+3}
   (You found it on level 2 of the Dungeon)

   Str:       It affects your strength (+3).
   rC:        It makes you vulnerable to cold.
   rCorr:     It protects you from acid and corrosion.
 x - a +0 falchion (weapon)
Armour
 a - a +0 robe
 h - a +0 cloak (worn)
 n - a +0 helmet (worn)
 r - a +0 pair of gloves (worn)
 w - a +0 ring mail (worn)
Jewellery
 i - a +6 ring of dexterity (left hand)
 D - a ring of ice
Scrolls
 d - a scroll of brand weapon {unknown}
 e - 2 scrolls of blinking {unknown}
 f - 4 scrolls of identify {unknown}
 l - 3 scrolls of teleportation {unknown}
 o - 2 scrolls of poison {unknown}
 q - a scroll of acquirement {unknown}
 t - a scroll of amnesia {unknown}
 v - a scroll of silence {unknown}
 y - a scroll of enchant weapon {unknown}
 B - a scroll of enchant armour {unknown}
 C - a scroll of noise {unknown}
Potions
 b - a potion of magic
 c - 2 potions of flight {unknown}
 g - a potion of curing {unknown}
 j - a potion of haste {unknown}
 k - a potion of lignification {unknown}
 m - 2 potions of heal wounds {unknown}
 p - a potion of brilliance {unknown}
 u - a potion of attraction {unknown}
 z - a potion of experience {unknown}
 A - a potion of mutation {unknown}


   Skills:
 - Level 1.7 Dodging
 - Level 1.7 Stealth
 + Level 3.8 Spellcasting
 - Level 7.7 Conjurations


You had 6 spell levels left.
You knew the following spells:

 Your Spells              Type           Power      Damage    Failure   Level
a - Magic Dart            Conj           100%       1d8       1%          1
b - Searing Ray           Conj           96%        2d7       1%          2
c - Iskenderun's Mystic   Conj/Tloc      27%        2d7       43%         4

Your spell library contained the following spells:

 Spells                   Type           Power      Damage    Failure   Level
 Dazzling Flash           Conj/Hex       54%        N/A       14%         3
 Fulminant Prism          Conj/Hex       13%        3d9       43%         4


Dungeon Overview and Level Annotations

Branches:
Dungeon (4/15)             Temple (0/1) D:4           Sewer (visited)

Annotations:
D:4 2 transporters, Menkaure


Innate Abilities, Weirdness & Mutations

You have an increased reservoir of magic. (+10% MP)
You shall have no god before yourself.
Your divine heritage dramatically boosts your attributes as you level up.


Message History

(Press . to maintain the ray.)
The steam dragon breathes steam at you. The ball of steam hits you!!
You take 19 damage, and have 26/50 hp.
MASSIVE DAMAGE!!
You now have 9/16 mp.
The searing ray misses the steam dragon.
You are engulfed in a cloud of scalding steam.
* * * LOW HITPOINT WARNING * * *
You take 9 damage, and have 17/50 hp.
You now have 8/16 mp.
Unknown command.
The searing ray hits the steam dragon.
The steam dragon is heavily wounded.
The steam dragon misses you.
The steam dragon claws you but does no damage.
You now have 7/16 mp.
The searing ray hits the steam dragon.
The steam dragon is severely wounded.
You finish channelling your searing ray.
The steam dragon bites you.
* * * LOW HITPOINT WARNING * * *
The steam dragon claws you.
* * * LOW HITPOINT WARNING * * *
You take 4 damage, and have 13/50 hp.
You now have 6/16 mp.
Casting: Searing Ray (safe; 1% risk of failure)
Confirm with . or Enter, or press ? or * to list all spells.
Aiming: Searing Ray (safe; 1% risk of failure)
Press: ? - help, Shift-Dir - straight line, f/p - steam dragon
Aim: a steam dragon (severely wounded, catching its breath, 83% to hit)
The searing ray hits the steam dragon.
The steam dragon is severely wounded. (Press . to maintain the ray.)
The steam dragon bites you.
* * * LOW HITPOINT WARNING * * *
The steam dragon claws you but does no damage.
You take 4 damage, and have 9/50 hp.
You now have 5/16 mp.
The searing ray hits the steam dragon but does no damage.
The steam dragon is severely wounded.
The kobold shouts!
The steam dragon breathes steam at you. The ball of steam hits you!
You die...

......<............####'#.
..........>##......##...#.
.#######...##......##...#.
#######...........#.
+.................#.
#............##...#.
#....##......##'###.
#....##......##...#.
#..@..........#...#.
##D####.......#...#.
...........#.......#...#.
...........#.......#...#.
...........#########...#†
...†...K..... #...'.
.............. #####.
.............K. .....
........../.... ......


You could see a steam dragon (catching breath) and a kobold.

Vanquished Creatures
  Sigmund (D:4)
  A black bear (D:4)
  2 kobold brigands (Sewer)
  A bullfrog (D:3)
  2 hounds
  2 orc wizards (D:3)
  9 adders
  5 river rats (Sewer)
  4 worms
  A dart slug (D:1)
  2 orcs (D:4)
  12 ball pythons
  6 bats
  6 endoplasms
  3 goblins
  8 hobgoblins
  9 jackals
  A quokka (D:3)
  11 frilled lizards
  10 kobolds
  6 rats
102 creatures vanquished.

Notes
Turn   | Place    | Note
-------+----------+-------------------------------------------
     0 | D:1      | spardeous the Demigod Conjurer began the quest for the Orb.
     0 | D:1      | Reached XP level 1. HP: 14/14 MP: 5/5
   255 | D:1      | Reached skill level 4 in Conjurations
   344 | D:1      | Reached XP level 2. HP: 20/20 MP: 4/7
  1284 | D:2      | Learned a level 2 spell: Searing Ray
  1435 | D:2      | Reached XP level 3. HP: 26/26 MP: 4/8
  1680 | D:2      | Identified the +9 spear of Okawaru {antimagic, rC- rCorr
                  | Str+3}
  2419 | D:3      | Reached skill level 5 in Conjurations
  2458 | D:3      | Reached XP level 4. HP: 33/33 MP: 2/9
  2833 | D:3      | Noticed a bullfrog
  2839 | D:3      | Killed a bullfrog
  2840 | D:3      | Reached skill level 6 in Conjurations
  2840 | D:3      | Reached XP level 5. HP: 33/38 MP: 3/10
  2845 | D:3      | Learned a level 4 spell: Iskenderun's Mystic Blast
  3664 | D:4      | Found a transporter.
  3668 | D:4      | Found a transporter.
  3744 | D:4      | Found a staircase to the Ecumenical Temple.
  3795 | D:4      | Noticed a black bear
  3804 | D:4      | Killed a black bear
  3805 | D:4      | Reached skill level 7 in Conjurations
  3805 | D:4      | Reached XP level 6. HP: 31/45 MP: 0/11
  3816 | D:4      | Noticed Menkaure
  3948 | D:4      | Noticed Sigmund
  3953 | D:4      | Killed Sigmund
  3966 | D:4      | Found a glowing drain.
  3975 | Sewer    | Entered a sewer
  4347 | Sewer    | Reached XP level 7. HP: 50/50 MP: 11/14
  5507 | D:4      | Noticed a steam dragon
  5520 | D:4      | Killed from afar by a steam dragon

Illustrated notes

Levels and vault maps discovered:
D:1:      dpeg_arrival_arbitrary_b, layout_basic,
          shapermc_ecumenical_altar_ellora, minmay_tromino_mix6
D:2:      layout_loops_cross
D:3:      layout_loops_ring, led_sif_book, minmay_misc_feat_hallway,
          grunt_ministairs_5
D:4:      layout_gridville, mainiacjoe_overflow_surrounded_room,
          gammafunk_temple_of_torment, lemuel_temple_firewalk_b,
          cheibrodos_sewer_entry_bend, minmay_misc_feat_roman, uniq_sigmund

Skill      XL: |  1  2  3  4  5  6  7 |
---------------+----------------------+-----
Conjurations   | 4 5 6 7 |  7.7
Spellcasting   | 2 3 |  3.8
Dodging        | |  1.7
Stealth        | |  1.7

Action                     |  1- 3 |  4- 6 |  7- 9 || total
---------------------------+-------+-------+-------++-------
  Melee: Falchion          |       |       |    20 ||    20
         Punch             |       |       |     1 ||     1
   Cast: Magic Dart        |   100 |    97 |    53 ||   250
         Searing Ray       |       |     5 |     2 ||     7
 Armour: Robe              |     4 |     1 |       ||     5
         Ring mail         |       |    11 |     7 ||    18
  Dodge: Dodged            |    14 |    27 |     7 ||    48
